Cogmind - Beta 13 @@@ ROGUE MODE // 2024.04.01 @ 21:25:16 Player: Feral_Cog Result: Destroyed by as-81715 with Assembled Blade Performance ------------- Evolutions (0) 0 Regions Visited (2) 400 Robots Destroyed (40) 200 Value Destroyed (397) 397 Prototype IDs (0) 0 Alien Tech Used (0) 0 Bonus (2) 2 TOTAL SCORE: 999 Bonus ------- High Alert Combat Kills 2 Cogmind --------- Core Integrity 0/250 Matter 300/300 Energy 89/100 System Corruption 3% Temperature Cool (68) Movement Core (50) Location -10/Mines Parts ------- > --- POWER (1) -------- (None) > --- PROPULSION (2) --- (None) > --- UTILITY (2) ------ Targeting Computer Core Shielding > --- WEAPON (2) ------- (None) > --- INVENTORY (5) ---- Light Ion Engine Light Treads Wheel Sensor Array Peak State ------------ > --- POWER ------------ Light Ion Engine > --- PROPULSION ------- Aluminum Leg Aluminum Leg > --- UTILITY ---------- Small Matter Pod Improved Terrain Scanner > --- WEAPON ----------- EM Pulse Gun Assault Rifle > --- INVENTORY -------- Light Ion Engine Aluminum Leg Light Assault Rifle [Rating: 9] Favorites ----------- Power Light Ion Engine Engine Light Ion Engine Propulsion Aluminum Leg Leg Aluminum Leg Flight Unit Flight Unit Utility Small Matter Pod Device Improved Terrain Scanner Storage Small Matter Pod Processor Signal Interpreter Protection Core Shielding Weapon EM Pulse Gun Energy Gun EM Pulse Gun Ballistic Gun Assault Rifle Ballistic Cannon Light Cannon Special Weapon Mining Laser Build | -11 -10 -10 ------- Run | Yrd Mat Min Slots Evolved . | . . . Power . | . . . Propulsion . | . . . Utility . | . . . Weapon . | . . . Parts Attached 28 | 11 17 . Power 3 | 2 1 . Engine 3 | 2 1 . Core . | . . . Reactor . | . . . Propulsion 6 | 2 4 . Treads . | . . . Leg 4 | 2 2 . Wheel . | . . . Hover . | . . . Flight 2 | . 2 . Utility 7 | 2 5 . Device 2 | 1 1 . Storage 2 | 1 1 . Processor 2 | . 2 . Hackware . | . . . Protection 1 | . 1 . Artifact . | . . . Weapon 12 | 5 7 . Energy Gun 5 | 1 4 . Energy Cannon . | . . . Ballistic Gun 4 | 2 2 . Ballistic Cannon 1 | . 1 . Launcher . | . . . Special Weapon 2 | 2 . . Impact Weapon . | . . . Slashing Weapon . | . . . Piercing Weapon . | . . . Special Melee Weapon . | . . . Unidentified Prototypes . | . . . Parts Lost 8 | 2 1 5 Power 2 | 1 . 1 Propulsion 2 | . . 2 Utility . | . . . Weapon 4 | 1 1 2 Highest Loss Streak 5 | 2 1 5 To Critical Strikes . | . . . Average Slot Usage (%) 92 | . 93 71 Engine 13 | . 14 7 Leg 21 | . 21 14 Flight 6 | . 6 . Device 5 | . 5 . Storage 9 | . 9 . Processor 5 | . 5 14 Protection 1 | . 1 14 Energy Gun 17 | . 17 21 Ballistic Gun 8 | . 8 . Ballistic Cannon 1 | . 1 . Naked Turns . | . . . Heaviest Build 11 | 9 11 10 Greatest Support 20 | 20 20 20 Greatest Overweight (x) . | . . . Average Overweight (x) . | . . . Largest Inventory Capacity 5 | 5 5 5 Average Capacity 5 | 5 5 5 Most Carried 5 | 5 5 4 Average Carried 3 | 2 3 4 Final Capacity 5 | 5 5 5 Final Carried 4 | 2 4 4 Class Distribution -------------------- 66% | Mutant 33% | Scavenger-Mutant Dominant Class ---------------- Scavenger-Mutant | -10/Materials Mutant | -10/Mines Resources | -11 -10 -10 ----------- Run | Yrd Mat Min Matter Collected 724 | 402 322 . Remotely . | . . . Salvage Created 1122 | 147 961 14 Parts 99 | 22 77 . Haulers Intercepted 1 | . 1 . Recyclers Shooed 2 | . 2 . Parts Field Recycled . | . . . Retrieved Matter . | . . . Parts Self-Destructed . | . . . Prevented . | . . . Kills | -11 -10 -10 ------- Run | Yrd Mat Min Combat Hostiles Destroyed 13 | 1 11 1 Guns 10 | 1 8 1 Cannons 3 | . 3 . Classes Destroyed 10 | 3 6 1 Worker 9 | 1 8 . Builder 6 | . 6 . Tunneler 5 | 4 1 . Hauler 1 | . 1 . Recycler 3 | . 3 . Mechanic 1 | . 1 . Watcher 3 | . 3 . Swarmer 9 | . 9 . Grunt 3 | 1 2 . Assembled 1 | . . 1 Best Kill Streak 9 | 2 9 1 Combat Bots Only 3 | 1 3 1 Max Kills in Single Turn 1 | 1 1 1 Gunslinging . | . . . Exploded . | . . . Melee . | . . . Uniques/NPCs Destroyed . | . . . Combat | -11 -10 -10 -------- Run | Yrd Mat Min Hostile Shots Fired 85 | 1 68 16 Missed 24 | 1 21 2 Damage Taken 941 | 185 434 322 Core 273 | 78 103 92 Absorbed by Shields . | . . . Redirected to Shielding 14 | . 1 13 Core Remaining (%) 68 | 68 . . Volleys Fired 125 | 40 82 3 Largest 2 | 2 2 2 Hottest 200 | 200 80 80 Shots Fired 245 | 79 162 4 Gun 199 | 36 159 4 Cannon 3 | . 3 . Launcher . | . . . Special 43 | 43 . . Kinetic 86 | 18 68 . Thermal 43 | 43 . . Explosive . | . . . Electromagnetic 116 | 18 94 4 Robot Hit Streak 9 | 4 9 2 Robot Miss Streak 5 | 5 3 2 Penetration Max . | . . . Secondary Targets . | . . . Shots Hit Robots 100 | 13 85 2 Core Hits 50 | 6 41 3 Critical Kills . | . . . Critical Parts Destroyed 1 | . 1 . Critical Strikes 3 | . 3 . Destroy 1 | . 1 . Blast 1 | . 1 . Corrupt 1 | . 1 . Melee Attacks . | . . . Impact . | . . . Slashing . | . . . Piercing . | . . . Sneak Attacks . | . . . Combat Hostiles . | . . . Follow-up Attacks . | . . . Damage Inflicted 1536 | 150 1343 43 Guns 1284 | 150 1091 43 Cannons 50 | . 50 . Explosions 202 | . 202 . Melee . | . . . Ramming . | . . . Kinetic 487 | 62 425 . Thermal 202 | . 202 . Explosive . | . . . Electromagnetic 847 | 88 716 43 Impact . | . . . Slashing . | . . . Piercing . | . . . Highest Corruption 3 | 3 3 3 Average Corruption 3 | 3 3 3 Corruption Purged . | . . . Corruption Blocked . | . . . Effects 13 | 1 12 . Message Errors 2 | . 2 . Matter Fused 3 | . 3 . Heat Flow Errors 2 | . 2 . Energy Discharges 2 | . 2 . Data Loss (minor) 2 | 1 1 . Weapon Failures 2 | . 2 . Overload Shots . | . . . Overflow Damage 2 | . 2 . Projectiles . | . . . Explosions 2 | . 2 . Melee . | . . . Knockbacks . | . . . Impact . | . . . Kinetic . | . . . Secondary . | . . . Self-Inflicted Damage 61 | . 61 . Shots 3 | . 3 . Rammed . | . . . Targets Rammed . | . . . Kicked . | . . . Crushed . | . . . Highest Temperature 219 | 112 219 48 Average Temperature 52 | 48 55 25 Received Heat Transfer 84 | . 24 60 Siege Activations . | . . . Robots Corrupted . | . . . Combat Hostiles . | . . . Parts Fried 1 | . 1 . Impact Corruptions . | . . . Robots Melted . | . . . Combat Hostiles . | . . . Parts Melted . | . . . Heat Transferred 300 | . 300 . Parts Sabotaged . | . . . Parts Stolen . | . . . Parts Stripped . | . . . Power Chain Reactions 5 | . 5 . Alert | -11 -10 -10 ------- Run | Yrd Mat Min Peak Influence 417 | 45 417 137 Initial 137 | . . 137 Average 132 | 23 223 129 Maximum Alert Level 2 | . 2 . Low Security (%) 63 | 100 32 100 Level 1 35 | . 67 . Level 2 . | . . . Level 3 . | . . . Level 4 . | . . . Level 5 . | . . . High Security . | . . . Max Security . | . . . Squads Dispatched 1 | . 1 . Investigation . | . . . Extermination . | . . . Reinforcement 1 | . 1 . Assault . | . . . Garrison . | . . . Intercept . | . . . Searches Triggered . | . . . Construction Impeded . | . . . Haulers Reinforced . | . . . Active Scanning Responses . | . . . Cargo Convoy Interrupts . | . . . Stealth | -11 -10 -10 --------- Run | Yrd Mat Min Distress Signals 2 | . 2 . Communications Jammed . | . . . Distress Signals . | . . . Times Spotted 41 | 1 23 17 Peak Tracking Total 18 | 1 5 18 Tactical Retreats 2 | . 2 . Traps | -11 -10 -10 ------- Run | Yrd Mat Min Traps Triggered . | . . . Indirectly . | . . . Trap Hack Attempts . | . . . Triggered . | . . . Disarmed . | . . . Reprogrammed . | . . . Reused . | . . . Traps Extracted . | . . . Installed . | . . . Triggered . | . . . Machines | -11 -10 -10 ---------- Run | Yrd Mat Min Machines Disabled 5 | . 5 . Max in Single Turn 1 | . 1 . Machines Repaired . | . . . Machines Dismantled . | . . . Machines Sabotaged . | . . . Overloaded Fab Kills . | . . . Hacking | -11 -10 -10 --------- Run | Yrd Mat Min Machines Accessed 2 | . 2 . Terminals 1 | . 1 . Fabricators . | . . . Repair Stations . | . . . Recycling Units 1 | . 1 . Scanalyzers . | . . . Garrison Access . | . . . Total Hacks 18 | . 18 . Successful 14 | . 14 . Failed 4 | . 4 . Catastrophic . | . . . Database Lockouts . | . . . Manual . | . . . Terminals 4 | . 4 . Fabricators . | . . . Repair Stations . | . . . Recycling Units 14 | . 14 . Scanalyzers . | . . . Garrison Access . | . . . Terminal Hacks 2 | . 2 . Record 2 | . 2 . Fabricator Hacks . | . . . Repair Station Hacks . | . . . Recycling Unit Hacks 12 | . 12 . Recycle Component 7 | . 7 . Process 3 | . 3 . Report Inventory 2 | . 2 . Scanalyzer . | . . . Garrison Access Hacks . | . . . Unauthorized Hacks . | . . . Terminals . | . . . Fabricators . | . . . Repair Stations . | . . . Recycling Units . | . . . Scanalyzers . | . . . Garrison Access . | . . . Data Cores Recovered . | . . . Used . | . . . Hacking Detections 2 | . 2 . Full Trace Events 1 | . 1 . Feedback Events . | . . . Feedback Blocked . | . . . Robot Schematics Acquired . | . . . Robots Built . | . . . Authchips . | . . . Time . | . . . Total Robot Build Rating . | . . . Part Schematics Acquired . | . . . Parts Built . | . . . Authchips . | . . . Time . | . . . Total Part Build Rating . | . . . Parts Repaired . | . . . Time . | . . . Parts Recycled 7 | . 7 . Recycled Matter 192 | . 192 . Retrieved Matter . | . . . Retrieved Components . | . . . Parts Scanalyzed . | . . . Part Schematics Acquired . | . . . Parts Damaged . | . . . Bothacking | -11 -10 -10 ------------ Run | Yrd Mat Min Used RIF Installer . | . . . Robots Hacked . | . . . Non-combat . | . . . Combat . | . . . Robot Hacks Applied . | . . . Relay Couplers Released . | . . . Fabnet Peak Effective % . | . . . Robots Rewired . | . . . Allies Hacked . | . . . Hacks Repelled . | . . . Allies | -11 -10 -10 -------- Run | Yrd Mat Min Total Allies . | . . . Largest Group . | . . . Highest-Rated Group . | . . . Highest-Rated Ally . | . . . Total Orders . | . . . Ally Attacks . | . . . Total Damage . | . . . Kills . | . . . Allies Corrupted . | . . . Allies Melted . | . . . Intel | -11 -10 -10 ------- Run | Yrd Mat Min Robot Analysis Total . | . . . Derelict Logs Recovered . | . . . Drone Launches . | . . . Drone Recoveries . | . . . Exploration | -11 -10 -10 ------------- Run | Yrd Mat Min Turns Passed 1240 | 561 664 15 Spaces Moved 586 | 230 349 7 Core 15 | 15 . . Treads . | . . . Legs 481 | 215 259 7 Wheels . | . . . Hover . | . . . Flight 90 | . 90 . Fastest Speed 37 | 50 37 120 Average Speed 105 | 115 98 120 Slowest Speed 120 | 120 120 120 Overloaded Moves . | . . . Propulsion Burnouts . | . . . Robots Hopped . | . . . Cave-ins Triggered 1 | 1 . . Exploration Rate (%) 17 | 9 41 3 Regions Visited 2 Branch Regions 1 Pre-discovered Areas . | . . . Known Exits Taken . | . . . Unknown Exits Taken 2 | 1 1 . Scrap Searched . | . . . Spaces Dug 12 | 12 . . Terrain Destroyed 22 | 13 9 . Melee . | . . . Projectile 13 | 13 . . AOE 9 | . 9 . Terrain Rammed . | . . . Walls Destroyed . | . . . Machines Disabled . | . . . Actions | -11 -10 -10 --------- Run | Yrd Mat Min Total 892 | 362 520 10 Wait 94 | 66 28 . Move 584 | 229 348 7 Hop . | . . . Pick Up 38 | 13 25 . Fast Attach . | . . . Attach 27 | 11 16 . Detach 7 | . 7 . Swap 1 | . 1 . Drop 16 | 3 13 . Fire 125 | 40 82 3 Melee . | . . . Ram . | . . . Kick . | . . . Crush . | . . . Escape Stasis . | . . . Rewire . | . . . Trap . | . . . Miscellaneous . | . . . Route ------- -11/Scrapyard -10/Materials -10/Mines History --------- Turn | Location | Event 2 | -11/Scrapyard | Met Revision 17 71 | -11/Scrapyard | Discovered new exit (range 8) 501 | -11/Scrapyard | Crushed by falling debris 562 | -11/Scrapyard | Entered Materials 563 | -10/Materials | Build established: Mutant 746 | -10/Materials | Core integrity fell below 50% 1103 | -10/Materials | Discovered new exit (range 16) 1226 | -10/Materials | Entered Mines 1227 | -10/Mines | Assembled infested the area 1239 | -10/Mines | Core integrity fell below 20% 1241 | -10/Mines | Destroyed by as-81715 with Assembled Blade Last Messages --------------- Accepting EM Pulse Gun... Chain reaction triggered in Lgt. Ion Engine. R-06 Scavenger destroyed. Recycling Unit disabled. Structural Scanner tumbles out of recycling unit. NXRE1MYJ88LX/|VZIR